 Seeded DCSS version 0.30-a0-1163-gf69bf04 (webtiles) character file.

Game seed: 2022344674040805297 (custom seed)

596 Ayyar the Firebug (level 7, 0/37 HPs)
             Began as a Vine Stalker Cinder Acolyte on Apr 24, 2023.
             Was a Priest of Ignis.
             Slain by an iguana (7 damage)
             ... on level 5 of the Dungeon on Apr 27, 2023.
             The game lasted 00:26:14 (3510 turns).

Ayyar the Firebug (Vine Stalker Cinder Acolyte)     Turns: 3510, Time: 00:26:15

Health: 0/37       AC:  3    Str: 17    XL:     7   Next: 40%
Magic:  0/13       EV: 10    Int: 16    God:    Ignis [***...]
Gold:   342        SH:  2    Dex:  9    Spells: 11/13 levels left

rFire   + . .        z - +1 whip (elec)
rCold   . . .        p - +0 buckler
rNeg    . . .        b - +0 robe
rPois   .            (no helmet)
rElec   .            (no cloak)
rCorr   .            i - +0 pair of gloves
SInv    .            (no boots)
Will    .....        (no amulet)
Stlth   ++           (no ring)
HPRegen 1.06/turn    (no ring)
MPRegen 0.13/turn

%: guardian spirit
@: no status effects
A: fangs 2, regeneration 1, magic shield, antimagic bite, no potion heal 2
a: Renounce Religion, Fiery Armour, Foxfire Swarm, Rising Flame


You were on level 5 of the Dungeon.
You worshipped Ignis.
Ignis was most pleased with you.
You visited 1 branch of the dungeon, and saw 5 of its levels.
You also visited: Ossuary.

You collected 342 gold pieces.

Inventory:

Hand Weapons
 a - a -1 mace of flaming
 l - a +0 flail of venom
 z - a +1 whip of electrocution (weapon)
Missiles
 o - 5 poisoned darts (quivered)
 v - a throwing net
Armour
 b - a +0 robe (worn)
 i - a +0 pair of gloves (worn)
 p - a +0 buckler (worn)
 s - an orb of wrath
 w - a +0 ring mail
Jewellery
 q - a ring of ice
Scrolls
 d - 2 scrolls of identify
 f - a scroll of fog
 g - 4 scrolls of noise
 j - 3 scrolls of amnesia
 n - 6 scrolls of teleportation
 r - a scroll of silence
 u - 2 scrolls of poison
 y - a scroll of fear {unknown}
 B - 2 scrolls of blinking {unknown}
 C - a scroll of summoning
 D - 2 scrolls of immolation
 F - a scroll of enchant weapon
Potions
 c - 4 potions of heal wounds {unknown}
 e - 4 potions of might {unknown}
 h - a potion of cancellation {unknown}
 k - 3 potions of attraction {unknown}
 m - a potion of ambrosia {unknown}
 t - 4 potions of curing {unknown}
 x - 2 potions of mutation {unknown}
 A - a potion of resistance {unknown}
 E - a potion of haste {unknown}


   Skills:
 + Level 4.1 Fighting
 + Level 4.2 Maces & Flails
 + Level 3.8 Stealth
 + Level 3.5 Spellcasting
 + Level 4.5 Fire Magic


You had 11 spell levels left.
You knew the following spells:

 Your Spells              Type           Power      Damage    Failure   Level
a - Scorch                Fire           34%        2d6       5%          2

Your spell library contained the following spells:

 Spells                   Type           Power      Damage    Failure   Level


Dungeon Overview and Level Annotations

Branches:
Dungeon (5/15)            Ossuary (visited)
 Temple: D:4-7

Altars:
Hepliaklqana
The Shining One

Shops:
D:2 (


Innate Abilities, Weirdness & Mutations

You have extremely sharp teeth.
Your natural rate of healing is unusually fast.
When hurt, damage is shared between your health and your magic reserves.
Your bite disrupts and absorbs the magic of your enemies.
Potions cannot restore your health.


Message History

There is a stone staircase leading up here.
An orc comes into view. It is wielding a +0 club.
Found a leather armour.
The orc shouts!
You hear an angry hiss.
The orc barely misses you.
You barely miss the orc. Your bite misses the orc. You hit the orc.
Your bite misses the orc.
The orc is heavily wounded.
The orc barely misses you.
You hit the orc.
You kill the orc!
A jelly comes into view.
The jelly quivers.
The jelly jiggles.
An iguana comes into view.
Things that are here:
a +0 club; a +0 ring mail
There are monsters nearby!
Found a murky red potion.
The iguana closely misses you.
There is an open door here.
You hit the iguana but do no damage.
The iguana bites you but does no damage.
You hit the iguana.
The iguana is lightly wounded.
The iguana barely misses you.
You hit the iguana.
The iguana is moderately wounded.
The jelly hits you.
You are splashed with acid.
The iguana bites you.
You closely miss the iguana.
The iguana is moderately wounded.
The jelly hits you.
You are splashed with acid!
The iguana bites you but does no damage.
You hit the iguana but do no damage. Your bite misses the iguana.
The iguana is moderately wounded.
The jelly hits you.
You are splashed with acid!
The iguana bites you!
* * * LOW HITPOINT WARNING * * *
You are too injured to fight recklessly!
You are too injured to fight recklessly!
You are too injured to fight recklessly!
The iguana attacks as you move away! The iguana bites you!
You die...

###### ...
....# ###.!#.
###...# .......
#<#...# .......
#.#...# .......
#.#...# .......
#.#...##l......
#.#...)@J......
#.#..###....###
#.............#
#..............
#..........[.#.
..........♣♣..#
####.......♣
..# +.......♣
.# #.......♣


You could see an iguana and a jelly.

Vanquished Creatures
  2 black bears (D:4)
  An elf zombie (Ossuary)
  The ghost of strontium90w the Chiller, a weakling DgIE (D:3)
  An iguana (D:3)
  4 mummies (Ossuary)
  7 adders
  5 gnolls (D:4)
  An adder zombie (Ossuary)
  A worm (D:3)
  2 dart slugs (D:3)
  7 orcs
  9 ball pythons
  4 bats
  4 endoplasms
  3 giant cockroaches
  9 goblins
  9 hobgoblins
  9 jackals
  8 kobolds
  6 quokkas
  6 frilled lizards
  2 goblin zombies (Ossuary)
  6 jackal zombies (Ossuary)
  A kobold zombie (Ossuary)
  5 rats
  A rat zombie (Ossuary)
114 creatures vanquished.

Vanquished Creatures (others)
  25 foxfires
25 creatures vanquished.

Grand Total: 139 creatures vanquished

Notes
Turn   | Place    | Note
-------+----------+-------------------------------------------
     0 | D:1      | Ayyar the Vine Stalker Cinder Acolyte began the quest for
                  | the Orb.
     0 | D:1      | Reached XP level 1. HP: 11/11 MP: 3/3
   128 | D:1      | Reached XP level 2. HP: 12/16 MP: 5/5
   535 | D:1      | Learned a level 2 spell: Scorch
   571 | D:1      | Reached XP level 3. HP: 19/19 MP: 1/6
  1272 | D:2      | Upgraded the game from 0.30-a0-1158-gd85ba11 to
                  | 0.30-a0-1163-gf69bf04
  1279 | D:2      | Found a hazy altar of Hepliaklqana.
  1404 | D:2      | Found Rixtocs's Weapon Shoppe.
  1498 | D:2      | Reached skill level 1 in Stealth
  1498 | D:2      | Gained mutation: Your natural rate of healing is unusually
                  | fast. [Vine Stalker growth]
  1498 | D:2      | Reached XP level 4. HP: 24/24 MP: 5/8
  1887 | D:3      | Found a glowing golden altar of the Shining One.
  1987 | D:3      | Noticed strontium90w's ghost (weakling DgIE)
  1988 | D:3      | Found a runed translucent gate.
  1988 | D:3      | Found a runed translucent gate.
  1988 | D:3      | Found a runed translucent gate.
  2089 | D:3      | Reached XP level 5. HP: 22/28 MP: 9/9
  2330 | D:4      | Noticed a black bear
  2342 | D:4      | Killed a black bear
  2369 | D:4      | Reached XP level 6. HP: 18/32 MP: 4/11
  2482 | D:4      | Noticed a black bear
  2489 | D:4      | Killed a black bear
  2722 | D:4      | Found a sand-covered staircase.
  2727 | Ossuary  | Entered an ossuary
  2767 | Ossuary  | HP: 1/33 [elf zombie (2)]
  2773 | Ossuary  | Reached XP level 7. HP: 5/37 MP: 11/13
  3258 | D:4      | Found Hooriec's Assorted Antiques.
  3439 | D:3      | Killed strontium90w's ghost
  3489 | D:5      | Entered Level 5 of the Dungeon
  3510 | D:5      | Slain by an iguana

Illustrated notes

Levels and vault maps discovered:
D:1:      minmay_arrival_radiant_lines, layout_loops_cross, serial_aquarium,
          aquarium_bridge_straight [aquarium_subvault_bridge,
          aquarium_subvault_window, aquarium_subvault_bridge,
          aquarium_subvault_window], aquarium_window_2, aquarium_window_fake,
          aquarium_window_fake, aquarium_view_2e, aquarium_pool_2,
          minmay_tetromino_o2
D:2:      layout_basic, basic_altar, serial_shops, shop, minmay_fountain_box
D:3:      layout_rooms, mainiacjoe_overflow_concentric_impassable,
          ebering_ghost_rock_garden, nrook_uturn, kennysheep_generic_room_13
D:4:      layout_gridville, serial_shops, shop, enter_ossuary_2,
          minmay_fractal_squares_diagonal_5
D:5:      layout_basic, mainiacjoe_overflow_chevrons, serial_demonic,
          serial_demonic_a, serial_demonic_c, serial_demonic_e,
          serial_demonic_b, uniq_prince_ribbit1

Skill      XL: |  1  2  3  4  5  6 |
---------------+-------------------+-----
Maces & Flails | 3 4 |  4.2
Fighting       | 3 4 |  4.1
Stealth        | 1 2 3 |  3.8
Spellcasting   | 2 3 |  3.5
Fire Magic     | 4 |  4.5

Action                     |  1- 3 |  4- 6 |  7- 9 || total
---------------------------+-------+-------+-------++-------
  Melee: Mace              |    63 |    88 |       ||   151
         Bite              |     7 |    41 |    16 ||    64
         Whip              |       |    71 |    48 ||   119
  Throw: Dart              |     2 |    14 |       ||    16
   Cast: Scorch            |    12 |       |       ||    12
 Invoke: Foxfire Swarm     |     2 |     1 |       ||     3
         Fiery Armour      |     1 |     1 |       ||     2
    Use: Scroll            |       |     9 |       ||     9
   Stab: Sleeping          |       |     2 |     1 ||     3
 Armour: Robe              |    28 |    77 |     5 ||   110
  Dodge: Dodged            |    48 |   132 |    11 ||   191
  Block: Buckler           |     4 |    19 |     2 ||    25

Table legend: (Time is in decaauts)
 A = Elapsed time spent in this place.
 B = Non-inter-level travel time spent in this place.
 C = Inter-level travel time spent in this place.
 D = Time resting spent in this place.
 E = Time spent auto-exploring this place.
 F = Levels seen in this place.
 G = Mean time per level.
                   A        B        C        D        E       F      G
               +--------+--------+--------+--------+--------+-----+--------+
         Total |   3547 |   3187 |    360 |     42 |   1994 |   6 |  591.2 |
       Dungeon |   3320 |   2960 |    360 |     20 |   1963 |   5 |  664.0 |
       Ossuary |    226 |    226 |      0 |     22 |     31 |   1 |  226.0 |
               +--------+--------+--------+--------+--------+-----+--------+

Top non-repeatable levels by time:
     D:1: 1080 daAuts
     D:4: 857 daAuts
     D:2: 698 daAuts
     D:3: 664 daAuts
 Ossuary: 226 daAuts
     D:5: 20 daAuts
